 Seeded DCSS version 0.29.1-15-g9cfb28693d (webtiles) character file.

Game seed: 17515654865153763404 (custom seed)

77 booth the Charlatan (level 4, -8/23 HPs)
             Began as a Spriggan Artificer on Apr 24, 2023.
             Killed by divine providence
             ... invoked by an orc priest
              (15 damage)
             ... on level 3 of the Dungeon.
             The game lasted 00:20:51 (4294 turns).

booth the Charlatan (Spriggan Artificer)            Turns: 4294, Time: 00:20:51

Health: -8/23      AC:  4    Str:  9 (10) XL:     4   Next: 13%
Magic:  5/5        EV: 18    Int: 11 (12) God:
Gold:   151        SH:  0    Dex: 15      Spells: 3/3 levels left

rFire   . . .      SeeInvis +   l - +0 dagger
rCold   . . .      Faith    .   (no shield)
rNeg    . . .      Spirit   .   b - +2 robe
rPois   .          Reflect  .   (helmet restricted)
rElec   .          Harm     .   (no cloak)
rCorr   .          Rampage  .   (gloves unavailable)
Will    .....                   (boots unavailable)
Stlth   ++........              (no amulet)
HPRegen 0.07/turn               (no ring)
MPRegen 0.09/turn               (no ring)

@: very quick
A: very small, no large weapons, unfitting armour, see invisible, speed 3
a: no special abilities


You were on level 3 of the Dungeon.
You visited 1 branch of the dungeon, and saw 3 of its levels.

You collected 151 gold pieces.

Inventory:

Hand Weapons
 a - a +0 club
 l - a +0 dagger (weapon)
 n - a +0 short sword
Armour
 b - a +2 robe (worn)
Wands
 d - a wand of charming (14)
 e - a wand of iceblast (4)
 o - a wand of light (6)
Potions
 c - a potion of mutation {unknown}
 f - a potion of magic
 h - a potion of berserk rage {unknown}
 i - a potion of flight
 j - 4 potions of curing {unknown}
 k - a potion of attraction {unknown}
 p - 2 potions of might {unknown}


   Skills:
 + Level 1.7 Fighting
 + Level 4.0 Dodging
 + Level 3.1 Stealth
 * Level 5.0 Evocations


You had 3 spell levels left.
You didn't know any spells.
Your spell library was empty.

Dungeon Overview and Level Annotations

Branches:
Dungeon (3/15)

Altars:

Shops:
D:1 *((!


Innate Abilities, Weirdness & Mutations

You are very small and have problems with some larger weapons.
You are too small for most types of armour.
You have supernaturally acute eyesight. (SInv)
You cover ground extremely quickly. (Speed+++)


Message History

The orc priest misses you.
You hit the orc priest but do no damage.
The orc priest barely misses you.
You hit the orc priest but do no damage.
The orc priest closely misses you.
You closely miss the orc priest. The orc priest hits you with a +0 club.
You hit the orc priest.
The orc priest is lightly wounded.
The orc priest barely misses you.
You completely miss the orc priest.
The orc priest is lightly wounded.
The orc priest looks braver for a moment.
You closely miss the orc priest.
The orc priest is lightly wounded.
The orc priest misses you.
You hit the orc priest.
The orc priest is heavily wounded.
The orc priest closely misses you.
You hit the orc priest but do no damage.
The orc priest is heavily wounded.
The orc priest miscasts a cantrip.
You hit the orc priest but do no damage.
The orc priest is heavily wounded.
The orc priest mumbles some strange prayers to Beogh against you.
Pain shoots through your body!
You hit the orc priest but do no damage.
The orc priest is moderately wounded.
The orc priest misses you.
You hit the orc priest but do no damage.
The orc priest is moderately wounded.
The orc priest casts a cantrip, but nothing happens.
You hit the orc priest but do no damage.
The orc priest is moderately wounded.
The orc priest hits you with a +0 club.
You barely miss the orc priest.
The orc priest is moderately wounded.
The orc priest mumbles some strange prayers to Beogh against you.
Beogh smites you!
Ouch! That really hurt!
You die...

.##....# ....♣..#
##### ..#....# #..<#
♣....#.## #.###
..#.....# #.#
..†.♣.♣.## #.#
.♣.......# #.#
...#...#.##########.#
#....♣.)...)[..o@...#
...#...#.#.##########
.♣.......#.#
....♣.♣.##.#
..#.....##.#
♣....#.###.#
..#.....##.#
....♣.♣.##.#
.♣.......#.#


You could see an orc priest.

Vanquished Creatures
  An adder (D:2)
  4 orcs (D:3)
  5 endoplasms
  12 giant cockroaches
  4 goblins
  2 hobgoblins
  2 jackals (D:2)
  A kobold (D:2)
  4 quokkas
  7 ball pythons
  4 bats
  5 frilled lizards
  5 rats
56 creatures vanquished.

Vanquished Creatures (others)
  A giant cockroach (D:2)
1 creature vanquished.

Grand Total: 57 creatures vanquished

Notes
Turn   | Place    | Note
-------+----------+-------------------------------------------
     0 | D:1      | booth the Spriggan Artificer began the quest for the Orb.
     0 | D:1      | Reached XP level 1. HP: 9/9 MP: 2/2
    45 | D:1      | Found Cablu's General Store.
    73 | D:1      | Found Peus's Antique Weapon Shop.
   150 | D:1      | Found Mauram's Weapon Shoppe.
   191 | D:1      | Reached skill level 1 in Fighting
   439 | D:1      | Found Laipetada's Distillery.
   528 | D:1      | Reached XP level 2. HP: 11/14 MP: 3/3
  1888 | D:2      | Reached XP level 3. HP: 18/18 MP: 4/4
  3304 | D:3      | Identified the +0 leather armour of Kavuxzoe {rCorr Str+2
                  | Int+5 Dex-5}
  3810 | D:3      | Reached skill level 5 in Evocations
  3810 | D:3      | Reached XP level 4. HP: 17/22 MP: 5/5
  4294 | D:3      | Killed from afar by an orc priest

Illustrated notes

Levels and vault maps discovered:
D:1:      lightli_arrival_noodles, layout_loops_ring, serial_shops, shop,
          nicolae_square_shop, nicolae_shop_stone, shop
D:2:      minmay_roachtagon, layout_loops_cross
D:3:      layout_basic, nicolae_kite_square_tiling_tiny

Skill      XL: |  1  2  3  4 |
---------------+-------------+-----
Fighting       | 1 |  1.7
Stealth        | 2 3 |  3.1
Evocations     | 5 |  5.0
Dodging        | 4 |  4.0

Action                   |  1- 3 |  4- 6 || total
-------------------------+-------+-------++-------
Melee: Club              |    48 |       ||    48
       Dagger            |   237 |    35 ||   272
       Punch             |     3 |       ||     3
Evoke: Wand              |    17 |     2 ||    19
  Use: Scroll            |     5 |       ||     5
       Potion            |     2 |       ||     2
 Stab: Sleeping          |     3 |       ||     3
       Distracted        |     1 |       ||     1
Armor: Robe              |    47 |     1 ||    48
Dodge: Dodged            |   252 |    25 ||   277
